 Dungeon Crawl Stone Soup version 0.21.1-1-g345015fe64 (webtiles) character file.

14088 Vinski the Fighter (level 12, 0/120 HPs)
             Began as a Gargoyle Berserker on June 22, 2018.
             Was a High Priest of Trog.
             Slain by an ogre
             ... wielding a +0 giant club
              (8 damage)
             ... on level 9 of the Dungeon.
             The game lasted 00:51:10 (11678 turns).

Vinski the Fighter (Gargoyle Berserker)            Turns: 11678, Time: 00:51:10

Health: 0/120      AC: 23    Str: 34    XL:     12   Next: 12%
Magic:  12/12      EV: 12    Int:  7    God:    Trog [*****.]
Gold:   474        SH:  0    Dex:  9    Spells: 11/11 levels left

rFire    x . .     SeeInvis .   j - +7 club
rCold    + . .     Gourm    .   (no shield)
rNeg     + . .     Faith    .   x - +0 plate armour
rPois    ∞         Spirit   .   (no helmet)
rElec    +         Reflect  .   (no cloak)
rCorr    .         Harm     .   (no gloves)
MR       .....                  (no boots)
Stlth    ..........             (no amulet)
HPRegen  0.30/turn              h - +2 ring of strength
MPRegen  0.13/turn              y - ring of ice

@: berserking, very quick
A: negative energy resistance 1, electricity resistance, unbreathing,
petrification resistance, rot immunity, AC +8
a: Berserk, Trog's Hand, Brothers in Arms, Burn Spellbooks, Renounce Religion


You were on level 9 of the Dungeon.
You worshipped Trog.
Trog was extremely pleased with you.
You were not hungry.

You visited 2 branches of the dungeon, and saw 10 of its levels.

You collected 474 gold pieces.

Inventory:

Hand Weapons
 e - a +0 short sword
 j - a +7 club (weapon)
 H - the +6 Majin-Bo {vamp, Archmagi MP+6 Int+6}
   (You found it on level 9 of the Dungeon)

   It inflicts no extra harm, but heals its wielder when it wounds a living foe.
   It affects your intelligence (+6).
   It affects your magic capacity (+6).
Armour
 a - a +0 animal skin
 w - +0 steam dragon scales
 x - a +0 plate armour (worn)
Jewellery
 h - a +2 ring of strength (left hand)
 y - a ring of ice (right hand)
 D - an uncursed ring of wizardry
Wands
 l - a wand of polymorph (9)
 n - a wand of random effects (78)
 s - a wand of digging (29)
 B - a wand of flame (50)
 E - a wand of iceblast (8)
Scrolls
 c - 11 scrolls of identify {unknown}
 d - a scroll of magic mapping {unknown}
 f - a scroll of enchant armour {unknown}
 i - 3 scrolls of remove curse {unknown}
 k - 3 scrolls of amnesia {unknown}
 m - 3 scrolls of immolation {unknown}
 p - a scroll of fog {unknown}
 q - a scroll of fear {unknown}
 A - a scroll of blinking {unknown}
 C - 2 scrolls of teleportation {unknown}
 G - a scroll of noise {unknown}
Potions
 g - 6 potions of flight
 o - 3 potions of ambrosia {unknown}
 r - a potion of haste
 t - 2 potions of invisibility {unknown}
 u - a potion of degeneration {unknown}
 v - a potion of curing {unknown}
 z - 2 potions of mutation {unknown}
 F - a potion of agility
Books
 I - the Incunabulum of Companions and Sinister Arts
   (You found it on level 9 of the Dungeon)

   Spells                             Type                      Level
   a - Animate Skeleton               Necromancy                   1
   b - Pain                           Necromancy                   1
   c - Summon Butterflies             Summoning                    1
   d - Summon Guardian Golem          Hexes/Summoning              3
   e - Bolt of Draining               Conjuration/Necromancy       5
   f - Dragon's Call                  Summoning                    9
   Trog disapproves of the use of such an item.
Comestibles
 b - 2 rations


   Skills:
 + Level 11.0 Fighting
 - Level 1.0 Short Blades
 - Level 9.3 Maces & Flails
 + Level 1.5(6.0) Staves
 + Level 10.8 Armour
 + Level 8.3 Dodging
 - Level 3.1 Unarmed Combat


You had 11 spell levels left.
You didn't know any spells.

Dungeon Overview and Level Annotations

Branches:
Dungeon (9/15)             Temple (0/1) D:5             Orc (1/2) D:9
   Lair: D:8-11

Altars:
Gozag
Okawaru
Qazlal
Sif Muna
Trog

Shops:
D:5 *


Innate Abilities, Weirdness & Mutations

You are resistant to torment.
Your stone body is resilient. (AC +8)
You are immune to poison.
You resist negative energy. (rN+)
You are resistant to electric shocks. (rElec)
You can survive without breathing.
You are immune to petrification.
You are immune to rotting.


Message History

You kill the orc warrior!
Trog accepts your kill.
You hit the ogre.
The ogre is lightly wounded.
The ogre hits you with a giant spiked club.
You sock the ogre!
The ogre is heavily wounded.
You hit the ogre.
The ogre is severely wounded.
The ogre hits you with a giant spiked club!!
* * * LOW HITPOINT WARNING * * *
A red film seems to cover your vision as you go berserk!
You feel yourself moving faster!
You feel mighty!
You feel a lot more hungry.
The ogre hits you with a giant spiked club!
* * * LOW HITPOINT WARNING * * *
You thump the ogre!
You kill the ogre!
Trog accepts your kill. The ogre hits you with a giant club!
You die...

.. .......)............# #.. ..
........†...........# #.. ..
....................# ####.. ≈≈
≈≈≈≈≈≈≈≈≈≈≈≈≈≈≈≈.#### #..... ≈≈
≈≈≈≈≈≈≈≈≈≈≈≈≈≈≈≈.## #.##..
###################≈≈..# #.##..
................≈o#≈≈..### #.##..
................###≈≈....###.####
.......8.......O@>#≈≈............
................###≈≈..#.###.##.#
................≈o#≈≈..#.###.##(#
###################≈≈..#....(...#
≈≈≈≈≈≈≈≈≈≈≈≈≈≈≈≈≈≈≈≈≈...>.......#
≈≈≈≈≈≈≈≈≈≈≈≈≈≈≈≈≈≈≈≈≈..#[..)....#
.......................#........#
.......................#........#
.......................#.)...÷..#


You could see an ogre.

Vanquished Creatures
  An ogre mage (D:9)
  Erolcha (D:9)
  A catoblepas (D:9)
  3 two-headed ogres (D:8)
  The ghost of TxmiHxxCxx the Grave Robber, a novice DsNe of Cheibriados (D:7)
  A flayed ghost (D:9)
  Pikel (D:8)
  Joseph (D:8)
  A troll (D:9)
  A hornet (D:9)
  Grinder (D:3)
  Prince Ribbit (D:5)
  A hippogriff (D:8)
  A yak (shapeshifter) (D:9)
  A wyvern (D:8)
  A yak (D:9)
  5 hungry ghosts
  2 steam dragons (D:5)
  Menkaure (D:4)
  A water moccasin (D:9)
  A soldier ant (D:9)
  A black bear (D:9)
  An ice beast (D:9)
  6 phantoms
  9 orc warriors
  3 sky beasts
  A centaur (D:8)
  5 ogres
  A crocodile (D:7)
  2 big kobolds
  6 bullfrogs
  A gnoll sergeant (D:8)
  3 scorpions
  8 killer bees (D:8)
  6 wights
  An electric eel (D:9)
  2 howler monkeys
  3 crimson imps
  3 bullfrog zombies
  6 hounds
  15 orc wizards
  A bullfrog skeleton (D:9)
  A centaur skeleton (D:5)
  2 gnoll shamans
  8 orc priests
  Natasha (thrice) (D:2)
  Jessica (D:2)
  4 iguanas
  Ijyb (D:5)
  5 worker ants
  A hound skeleton (D:7)
  2 worker ant zombies (D:8)
  12 adders
  15 gnolls
  An adder zombie (D:6)
  2 oozes
  2 adder skeletons
  2 worms
  A dart slug (D:2)
  3 leopard geckos
  42 orcs
  2 giant cockroaches
  2 goblins
  3 hobgoblins
  11 jackals
  14 kobolds
  2 quokkas (D:4)
  2 ball pythons
  11 bats
  A frilled lizard (D:1)
  7 rats
275 creatures vanquished.

Vanquished Creatures (others)
  4 slaves (D:8)
  A killer bee (D:8)
  An orc (D:8)
6 creatures vanquished.

Grand Total: 281 creatures vanquished

Notes
Turn   | Place    | Note
-------+----------+-------------------------------------------
     0 | D:1      | Vinski the Gargoyle Berserker began the quest for the Orb.
     0 | D:1      | Reached XP level 1. HP: 14/14 MP: 1/1
   431 | D:1      | Reached XP level 2. HP: 13/19 MP: 2/2
   814 | D:1      | Reached XP level 3. HP: 23/23 MP: 3/3
   993 | D:2      | Noticed Jessica
  1144 | D:2      | Killed Jessica
  1144 | D:2      | Reached skill level 1 in Short Blades
  1144 | D:2      | Reached XP level 4. HP: 29/29 MP: 4/4
  1183 | D:2      | Reached ** piety under Trog
  1334 | D:2      | Reached skill level 4 in Fighting
  1465 | D:2      | Noticed Natasha
  1480 | D:2      | Killed Natasha
  1662 | D:2      | Noticed Natasha
  1671 | D:2      | Killed Natasha
  1671 | D:2      | Reached skill level 1 in Maces & Flails
  1671 | D:2      | Reached XP level 5. HP: 33/33 MP: 5/5
  1737 | D:2      | Noticed Natasha
  1757 | D:2      | Killed Natasha
  2416 | D:3      | Noticed Grinder
  2422 | D:3      | Paralysed by Grinder for 3 turns
  2435 | D:3      | Paralysed by Grinder for 6 turns
  2449 | D:3      | Killed Grinder
  2449 | D:3      | Reached skill level 5 in Fighting
  2449 | D:3      | Reached XP level 6. HP: 28/40 MP: 6/6
  2958 | D:4      | Reached XP level 7. HP: 36/44 MP: 7/7
  3309 | D:4      | Found a stormy altar of Qazlal.
  3385 | D:4      | Noticed Menkaure
  3390 | D:4      | Killed Menkaure
  3744 | D:5      | Entered Level 5 of the Dungeon
  3745 | D:5      | Found Fitotiesch's Assorted Antiques.
  3795 | D:5      | Reached *** piety under Trog
  3800 | D:5      | Reached skill level 5 in Armour
  3807 | D:5      | Reached XP level 8. HP: 44/51 MP: 8/8
  3823 | D:5      | Noticed Prince Ribbit
  3836 | D:5      | Noticed Ijyb
  3840 | D:5      | Reached skill level 6 in Fighting
  3851 | D:5      | Killed Ijyb
  3908 | D:5      | Killed Prince Ribbit
  4180 | D:5      | Found an opulent altar of Gozag.
  4223 | D:5      | Found a bloodstained altar of Trog.
  4305 | D:5      | Found a deep blue altar of Sif Muna.
  4338 | D:5      | Found a staircase to the Ecumenical Temple.
  4518 | D:6      | Reached skill level 5 in Maces & Flails
  4518 | D:6      | Reached XP level 9. HP: 56/56 MP: 9/9
  4545 | D:6      | Reached skill level 7 in Fighting
  4854 | D:6      | Reached skill level 5 in Dodging
  5589 | D:7      | Reached **** piety under Trog
  5636 | D:7      | Found a stormy altar of Qazlal.
  5712 | D:7      | Noticed TxmiHxxCxx's ghost (novice DsNe)
  5774 | D:7      | Killed TxmiHxxCxx's ghost
  5774 | D:7      | Reached skill level 8 in Fighting
  5779 | D:7      | Reached XP level 10. HP: 21/64 MP: 10/10
  7030 | D:8      | Noticed Pikel
  7058 | D:8      | Killed Pikel
  7058 | D:8      | Reached skill level 9 in Fighting
  7404 | D:8      | Reached ***** piety under Trog
  7875 | D:8      | Noticed a two-headed ogre
  7901 | D:8      | Killed a two-headed ogre
  7908 | D:8      | Reached XP level 11. HP: 31/71 MP: 11/11
  8541 | D:8      | Noticed Joseph
  8541 | D:8      | Paralysed by Joseph for 2 turns
  8551 | D:8      | Paralysed by Joseph for 6 turns
  8562 | D:8      | Paralysed by Joseph for 5 turns
  8586 | D:8      | Killed Joseph
  8817 | D:9      | Noticed a two-headed ogre
  8988 | D:8      | Killed a two-headed ogre
  8988 | D:8      | Reached skill level 10 in Fighting
  9309 | D:9      | Noticed a two-headed ogre
  9356 | D:8      | Killed a two-headed ogre
  9676 | D:9      | Noticed an ogre mage
  9690 | D:9      | Paralysed by an ogre mage for 3 turns
  9694 | D:9      | Killed an ogre mage
  9694 | D:9      | Reached skill level 10 in Armour
  9814 | D:9      | Noticed Erolcha
  9823 | D:9      | Killed Erolcha
 10485 | D:9      | Noticed a catoblepas
 10517 | D:9      | Killed a catoblepas
 10873 | D:9      | Found the +6 Majin-Bo {vamp, Archmagi MP+6 Int+6}
 10889 | D:9      | Noticed a flayed ghost
 10919 | D:9      | Killed a flayed ghost
 10919 | D:9      | Reached XP level 12. HP: 79/79 MP: 12/12
 11023 | D:9      | Found an iron altar of Okawaru.
 11109 | D:9      | Identified the Incunabulum of Companions and Sinister Arts
 11227 | D:9      | Received a gift from Trog
 11227 | D:9      | Reached skill level 11 in Fighting
 11259 | D:9      | Reached skill level 1 in Staves
 11327 | D:9      | Found a staircase to the Orcish Mines.
 11429 | Orc:1    | Entered Level 1 of the Orcish Mines
 11678 | D:9      | Slain by an ogre

Skill      XL: |  1  2  3  4  5  6  7  8  9 10 11 12 |
---------------+-------------------------------------+-----
Dodging        | 2 3 4 5 7 8 |  8.3
Short Blades   | 1 |  1.0
Armour         | 3 4 5 6 7 9 10 | 10.8
Fighting       | 4 5 6 8 9 10 11 | 11.0
Maces & Flails | 1 2 3 5 6 7 9 |  9.3
Staves         | 1 |  1.5
Unarmed Combat | |  3.1

Action                   |  1- 3 |  4- 6 |  7- 9 | 10-12 || total
-------------------------+-------+-------+-------+-------++-------
Melee: Unarmed           |    80 |       |       |       ||    80
       Short sword       |    61 |     4 |       |       ||    65
       Club              |       |   144 |   422 |   784 ||  1350
       Punch             |       |     2 |     4 |     6 ||    12
Invok: Berserk           |     1 |     3 |     4 |    14 ||    22
       Trog's Hand       |       |       |     6 |     4 ||    10
       Burn Spellbooks   |       |       |     1 |       ||     1
  Use: Potion            |       |       |     2 |       ||     2
 Stab: Petrified         |       |       |       |     3 ||     3
  Eat: Ration            |     1 |     2 |     5 |    14 ||    22
       Chunk             |       |       |     1 |       ||     1
Armor: Plate armour      |   231 |   156 |   343 |   577 ||  1307
Dodge: Dodged            |   107 |    79 |   210 |   463 ||   859
